 Dungeon Crawl Stone Soup version 0.29.1-15-g9cfb28693d (webtiles) character file.

Game seed: 17872875037044300701

168 croobank the Sneak (level 5, -3/55 HPs)
             Began as a Vampire Enchanter on Apr 18, 2023.
             Slain by a kobold brigand
             ... wielding a +0 dagger of venom
              (5 damage)
             ... in a sewer.
             The game lasted 00:12:20 (3778 turns).

croobank the Sneak (Vampire Enchanter)              Turns: 3778, Time: 00:12:21

Health: -3/55      AC:  7    Str:  7    XL:     5   Next: 24%
Magic:  8/8        EV: 10    Int: 19    God:
Gold:   183        SH:  0    Dex: 15    Spells: 9/9 levels left

rFire   . . .      SeeInvis +   f - +1 dagger (elec)
rCold   . . .      Faith    .   (no shield)
rNeg    . . .      Spirit   .   k - +0 ring mail
rPois   .          Reflect  .   (no helmet)
rElec   .          Harm     .   (no cloak)
rCorr   .          Rampage  .   s - +1 pair of gloves
Will    .....                   (no boots)
Stlth   ..........              (no amulet)
HPRegen 0.38/turn               p - ring of wizardry
MPRegen 0.11/turn               (no ring)

@: mighty, berserking, lethally poisoned (-3 -> -17), attractive, healing
quickly, hasted, slow
A: alive, fangs 3, see invisible, vampiric 2
a: Exsanguinate


You were in a sewer.
You visited 1 branch of the dungeon, and saw 4 of its levels.
You also visited: Sewer.

You collected 183 gold pieces.

Inventory:

Hand Weapons
 a - a +1 dagger
 f - a +1 dagger of electrocution (weapon)
 n - a +0 short sword
 u - a +0 quarterstaff
Missiles
 g - 5 poisoned darts (quivered)
Armour
 b - a +0 robe
 k - a +0 ring mail (worn)
 s - a +1 pair of gloves (worn)
Magical Staves
 d - a staff of earth
Jewellery
 p - a ring of wizardry (left hand)
Scrolls
 e - a scroll of teleportation
 j - a scroll of brand weapon {unknown}
 l - 2 scrolls of identify {unknown}
 m - 2 scrolls of silence {unknown}
 t - a scroll of enchant weapon {unknown}
Potions
 c - a potion of invisibility
 i - a potion of might
 q - 2 potions of berserk rage


   Skills:
 + Level 1.2 Fighting
 + Level 2.1 Short Blades
 + Level 3.0 Dodging
 * Level 6.4 Stealth
 + Level 2.6 Spellcasting
 + Level 5.2 Hexes


You had 9 spell levels left.
You didn't know any spells.
Your spell library contained the following spells:

 Spells                   Type           Power      Damage    Failure   Level
 Confusing Touch          Hex            22%        N/A       9%          3
 Tukima's Dance           Hex            22%        N/A       9%          3
 Ensorcelled Hibernation  Hex/Ice        24%        N/A       12%         2
 Dazzling Flash           Conj/Hex       24%        N/A       22%         3


Dungeon Overview and Level Annotations

Branches:
Dungeon (4/15)              Sewer (1/1)
 Temple: D:4-7

Altars:
Kikubaaqudgha
Sif Muna
Xom

Shops:
D:4 *

Annotations:
D:2 Crazy Yiuf


Innate Abilities, Weirdness & Mutations

Your natural rate of healing is accelerated.
You have razor-sharp teeth.
You have supernaturally acute eyesight. (SInv)
You are afflicted with vampirism and can become a bat while bloodless.


Message History

You feel very sick.
The kobold brigand splashes around in the water.
Your unstable footing causes you to fumble your attack.
* * * LOW HITPOINT WARNING * * *
You feel very sick. The kobold brigand barely misses you.
You feel better.
The kobold brigand hits you with a +0 dagger of venom.
* * * LOW HITPOINT WARNING * * *
You are lethally poisoned!
You feel better.
The kobold brigand hits you but does no damage.
You are poisoned.
You hit the kobold brigand.
The kobold brigand is heavily wounded.
* * * LOW HITPOINT WARNING * * *
You feel very sick.
The kobold brigand hits you but does no damage.
You are lethally poisoned!
It was a potion of haste.
You feel yourself speed up.
* * * LOW HITPOINT WARNING * * *
You feel very sick.
The kobold brigand splashes around in the water.
It was a potion of might.
You feel very mighty all of a sudden.
* * * LOW HITPOINT WARNING * * *
You feel sick.
The kobold brigand hits you but does no damage.
You are more poisoned.
It was a potion of attraction.
You feel attractive to monsters.
* * * LOW HITPOINT WARNING * * *
You feel very sick.
It was a potion of berserk rage.
A red film seems to cover your vision as you go berserk!
You feel yourself moving faster!
You feel mighty!
* * * LOW HITPOINT WARNING * * *
You feel very sick.
The kobold brigand hits you with a +0 dagger of venom.
You die...

#########
#####
#.#.#†#.#
#!#.#
#~#~#~#~#
#~#~#
#~#~#~#~#
#~#~#
#~#~#~#~#
#~#K#
#.~~#~~~#
#~~@#
##~###~##
##.## ~#
#~# #~#
#~# ~#
#~###~#
#~###~#
#~~~~~#
#~~~~~#
##~.~##
##~~~##
#.~.#
#.~~#
#...#
#..~#
#.~.##
##.~.#


You could see a kobold brigand.

Vanquished Creatures
  Robin (D:2)
  3 gnolls
  5 adders
  3 worms
  3 bats
  7 endoplasms
  6 giant cockroaches
  14 goblins
  6 hobgoblins
  2 jackals (D:1)
  3 kobolds
  5 quokkas
  6 ball pythons
  5 rats
  A toadstool (D:1)
70 creatures vanquished.

Vanquished Creatures (others)
  3 toadstools (D:1)
3 creatures vanquished.

Grand Total: 73 creatures vanquished

Notes
Turn   | Place    | Note
-------+----------+-------------------------------------------
     0 | D:1      | croobank the Vampire Enchanter began the quest for the Orb.
     0 | D:1      | Reached XP level 1. HP: 13/13 MP: 3/3
    96 | D:1      | Reached XP level 2. HP: 19/19 MP: 5/5
   206 | D:1      | Reached skill level 5 in Stealth
   256 | D:1      | Found a faded altar of an unknown god.
   620 | D:1      | Gained mutation: You are afflicted with vampirism and can
                  | become a bat while bloodless. [Vampire growth]
   620 | D:1      | Reached XP level 3. HP: 25/25 MP: 6/6
  1382 | D:2      | Noticed Robin
  1906 | D:2      | Reached XP level 4. HP: 31/31 MP: 7/7
  2356 | D:2      | Found a runed translucent door.
  2357 | D:2      | Noticed Crazy Yiuf
  2538 | D:2      | Killed Robin
  2985 | D:3      | Reached skill level 6 in Stealth
  3067 | D:3      | Reached skill level 1 in Fighting
  3153 | D:3      | Found a shimmering altar of Xom.
  3153 | D:3      | Found a shimmering blue altar of Sif Muna.
  3153 | D:3      | Found an ancient bone altar of Kikubaaqudgha.
  3262 | D:3      | Reached skill level 5 in Hexes
  3345 | D:4      | Found Raxia's Neck Hole.
  3402 | D:3      | Reached XP level 5. HP: 28/37 MP: 8/8
  3522 | D:3      | Found a glowing drain.
  3533 | Sewer    | Entered a sewer
  3778 | Sewer    | HP: 2/55 [poisoned by a kobold brigand]
  3778 | Sewer    | Slain by a kobold brigand

Illustrated notes

Levels and vault maps discovered:
D:1:      ldierk_water_garden, layout_loops_ring, basic_ecumenical_altar,
          wad_floor_pattern_1
D:2:      layout_loops_corners, uniq_crazy_yiuf_cottage, uniq_robin
D:3:      layout_loops_ring, gammafunk_temple_overflow_claw,
          gup_sewer_entry_bubbles
D:4:      kb_forest_paths, layout_basic, nicolae_shop_sticking_my_neck_out,
          uniq_ijyb, uniq_pikel
Sewer:    sewer_co_tree

Skill      XL: |  1  2  3  4  5 |
---------------+----------------+-----
Stealth        | 5 6 |  6.4
Fighting       | 1 |  1.2
Hexes          | 5 |  5.2
Short Blades   | 2 |  2.1
Dodging        | 3 |  3.0
Spellcasting   | |  2.6

Action                   |  1- 3 |  4- 6 || total
-------------------------+-------+-------++-------
Melee: Dagger            |   161 |   150 ||   311
       Bite              |     8 |    11 ||    19
       Punch             |     2 |     1 ||     3
  Use: Potion            |     2 |     8 ||    10
       Scroll            |       |     4 ||     4
 Stab: Sleeping          |    13 |     3 ||    16
       Invisible         |     1 |       ||     1
       Distracted        |       |     1 ||     1
Armor: Robe              |    20 |    10 ||    30
       Ring mail         |       |    35 ||    35
Dodge: Dodged            |    91 |    74 ||   165
